 Dungeon Crawl Stone Soup version 0.31.0-11-ge490571c62 (webtiles) character file.

Game seed: 10110420264582041244

1531 Silvore the Slasher (level 8, -3/61 HPs)
             Began as a Demonspawn Fighter on Feb 8, 2024.
             Was a Believer of Okawaru.
             Slain by a killer bee (5 damage)
             ... on level 6 of the Dungeon.
             The game lasted 00:07:38 (5877 turns).

Silvore the Slasher (Demonspawn Fighter)            Turns: 5877, Time: 00:07:38

Health: -3/61      AC: 12    Str: 19    XL:     8   Next: 55%
Magic:  8/8        EV: 11    Int:  8    God:    Okawaru [**....]
Gold:   238        SH:  5    Dex: 15    Spells: 7/7 levels left

rFire   . . .        a - +0 long sword (freeze)
rCold   . . .        c - +0 buckler
rNeg    . . .        g - +4 ring mail
rPois   .            (no helmet)
rElec   .            i - +1 cloak
rCorr   .            (no gloves)
SInv    .            (no boots)
Will    .....        o - amulet of regeneration
Stlth   ++           n - ring of flight
HPRegen 1.10/turn    (no ring)
MPRegen 0.11/turn

%: no passive effects
@: lethally poisoned (-3 -> -3), flying
A: thin skeletal structure 1, powered by pain 1, demonic magic 1, demonic touch
2
a: Renounce Religion, Heroism


You were on level 6 of the Dungeon.
You worshipped Okawaru.
Okawaru was pleased with you.
You visited 2 branches of the dungeon, and saw 7 of its levels.

You collected 238 gold pieces.

Inventory:

Hand Weapons
 a - a +0 long sword of freezing (weapon)
Armour
 b - a +0 scale mail
 c - a +0 buckler (worn)
 g - a +4 ring mail (worn)
 i - a +1 cloak (worn)
Jewellery
 d - a +4 ring of protection
 m - a +5 ring of evasion
 n - a ring of flight (left hand)
 o - an amulet of regeneration (around neck)
 s - an amulet of guardian spirit
Wands
 r - a wand of quicksilver (5)
 v - a wand of paralysis (12)
Scrolls
 t - 2 scrolls of brand weapon
 u - a scroll of vulnerability
Potions
 f - a potion of mutation {unknown}
 h - a potion of invisibility {unknown}
 j - a potion of attraction
 k - 3 potions of enlightenment {unknown}
 l - a potion of lignification {unknown}
 q - a potion of magic {unknown}


   Skills:
 + Level 4.5 Fighting
 + Level 6.8 Long Blades
 + Level 4.9 Armour
 + Level 2.9 Dodging
 + Level 2.2 Stealth
 + Level 4.0 Shields


You had 7 spell levels left.
You didn't know any spells.
Your spell library contained the following spells:

 Spells                   Type           Power      Damage    Failure   Level
 Magic Dart               Conj           0%         1d3       65%         1
 Slow                     Hex            0%         N/A       65%         1
 Mercury Vapours          Alch/Air       0%         N/A       80%         2
 Searing Ray              Conj           0%         2d4       80%         2
 Confusing Touch          Hex            0%         N/A       95%         3
 Fugue of the Fallen      Necr           0%         N/A       95%         3
 Mephitic Cloud           Conj/Alch/Air  0%         N/A       95%         3
 Ozocubu's Armour         Ice            0%         N/A       95%         3
 Sigil of Binding         Hex            0%         N/A       95%         3
 Vampiric Draining        Necr           0%         2d6       95%         3
 Fulminant Prism          Conj/Alch      0%         3d5       100%        4
 Manifold Assault         Tloc           0%         N/A       100%        4
 Freezing Cloud           Conj/Ice/Air   0%         6-21      100%        5
 Summon Ice Beast         Ice/Summ       Unusable   N/A       N/A         3
 Summon Mana Viper        Hex/Summ       Unusable   N/A       N/A         5
 Monstrous Menagerie      Summ           Unusable   N/A       N/A         7

Dungeon Overview and Level Annotations

Branches:
Dungeon (6/15)             Temple (1/1) D:5

Altars:
Cheibriados
Dithmenos
Hepliaklqana
Makhleb
Nemelex Xobeh
Okawaru
Ru
Vehumet
Xom

Shops:
D:3 ?


Innate Abilities, Weirdness & Mutations

You have a somewhat thin skeletal structure. (Dex +2, Stealth+)
You sometimes gain a little power by taking damage.
Spells you cast may paralyse adjacent enemies.
Your touch may inflict irresistible damage on your foes.


Message History

The killer bee poisons you!
You hit the killer bee but do no damage.
The killer bee is almost dead.
You feel sick. The killer bee barely misses you. The killer bee stings you.
* * * LOW HITPOINT WARNING * * *
You hit the killer bee but do no damage.
The killer bee is almost dead.
You feel sick.
The killer bee stings you but does no damage.
The killer bee stings you.
* * * LOW HITPOINT WARNING * * *
You are more poisoned.
The killer bee poisons you! The killer bee closely misses you.
You miss the killer bee.
The killer bee is almost dead.
You feel very sick. The killer bee closely misses you.
The killer bee stings you but does no damage.
You miss the killer bee.
The killer bee is almost dead.
You feel very sick. The killer bee barely misses you.
The killer bee stings you but does no damage.
You miss the killer bee.
The killer bee is almost dead.
You feel sick.
The killer bee stings you but does no damage. x2
You barely miss the killer bee.
The killer bee is almost dead.
You feel sick. The killer bee stings you.
* * * LOW HITPOINT WARNING * * *
The killer bee stings you.
* * * LOW HITPOINT WARNING * * *
The killer bee stings you.
* * * LOW HITPOINT WARNING * * *
You feel sick. The killer bee barely misses you.
You feel sick.
The killer bee attacks as it pursues you!
The killer bee stings you.
You die...

.# #
####.#.#
###......###
#.........[#
#[#.##.###.#
#.#y# #
#.#.# #.#y#
#.#@# #.#.#
#...# #.###
#.#
#.####.##
#........
#.####.##
#.#


You could see 2 killer bees.

Vanquished Creatures
  Sigmund (D:5)
  Menkaure (D:5)
  2 black bears (D:6)
  An ogre (D:5)
  An ice beast (D:4)
  A phantom (D:6)
  A scorpion (D:5)
  4 killer bees (D:6)
  2 bombardier beetles (D:4)
  2 jellies (D:5)
  3 hounds
  2 orc priests
  Ijyb (D:5)
  Natasha (thrice) (D:4)
  3 iguanas
  2 orc wizards (D:5)
  7 adders
  A shadow imp (D:6)
  2 ufetubi (D:6)
  3 dart slugs (D:3)
  12 orcs
  5 endoplasms
  2 giant cockroaches
  8 goblins
  5 hobgoblins
  13 jackals
  3 quokkas
  8 ball pythons
  5 bats
  5 frilled lizards
  9 kobolds
  5 rats
123 creatures vanquished.

Notes
Turn   | Place    | Note
-------+----------+-------------------------------------------
     0 | D:1      | Silvore the Demonspawn Fighter began the quest for the Orb.
     0 | D:1      | Reached XP level 1. HP: 18/18 MP: 1/1
   109 | D:1      | Gained mutation: Your touch may inflict minor irresistible
                  | damage on your foes. [demonic ancestry]
   109 | D:1      | Reached XP level 2. HP: 22/24 MP: 2/2
   162 | D:1      | Reached skill level 2 in Long Blades
  1411 | D:2      | Gained mutation: You have a somewhat thin skeletal
                  | structure. (Dex +2, Stealth+) [demonic ancestry]
  1411 | D:2      | Reached XP level 3. HP: 29/29 MP: 3/3
  2052 | D:3      | Reached skill level 1 in Dodging
  2180 | D:3      | Found Nyqidupi's Magic Scroll Shop.
  2228 | D:3      | Found a faded altar of an unknown god.
  2235 | D:3      | Gained mutation: Your touch may inflict irresistible damage
                  | on your foes. [demonic ancestry]
  2235 | D:3      | Reached XP level 4. HP: 35/35 MP: 4/4
  2245 | D:3      | Reached skill level 3 in Long Blades
  2413 | D:3      | Found a hazy altar of Hepliaklqana.
  2736 | D:4      | Gained mutation: You sometimes gain a little power by
                  | taking damage. [demonic ancestry]
  2736 | D:4      | Reached XP level 5. HP: 41/41 MP: 5/5
  2838 | D:4      | Found a burning altar of Makhleb.
  2898 | D:4      | Noticed Natasha
  2910 | D:4      | Killed Natasha
  3033 | D:4      | Reached skill level 1 in Stealth
  3100 | D:4      | Noticed Natasha
  3112 | D:4      | Killed Natasha
  3113 | D:4      | Reached skill level 4 in Long Blades
  3357 | D:4      | Noticed an ice beast
  3365 | D:4      | Reached XP level 6. HP: 48/48 MP: 6/6
  3372 | D:4      | Killed an ice beast
  3689 | D:4      | Noticed Natasha
  3704 | D:4      | Killed Natasha
  4198 | D:5      | Entered Level 5 of the Dungeon
  4211 | D:5      | Found an iron altar of Okawaru.
  4216 | D:5      | Became a worshipper of Warmaster Okawaru
  4408 | D:5      | Reached XP level 7. HP: 54/54 MP: 7/7
  4424 | D:5      | Reached skill level 5 in Long Blades
  4729 | D:5      | Reached * piety under Okawaru
  4890 | D:5      | Noticed Ijyb
  4911 | D:5      | Paralysed by Ijyb for 5 turns
  4918 | D:5      | Killed Ijyb
  4979 | D:5      | Noticed Sigmund
  4981 | D:5      | Noticed Menkaure
  4994 | D:5      | Found a staircase to the Ecumenical Temple.
  5024 | Temple   | Entered the Ecumenical Temple
  5075 | D:5      | Killed Sigmund
  5364 | D:5      | Killed Menkaure
  5364 | D:5      | Reached ** piety under Okawaru
  5365 | D:5      | Reached skill level 6 in Long Blades
  5365 | D:5      | Gained mutation: Spells you cast may paralyse adjacent
                  | enemies. [demonic ancestry]
  5365 | D:5      | Reached XP level 8. HP: 23/60 MP: 8/8
  5875 | D:6      | HP: 3/61 [killer bee (2)]
  5877 | D:6      | Slain by a killer bee

Illustrated notes

Levels and vault maps discovered:
D:1:      dpeg_arrival_subterranean_lakeside_camping, layout_basic
D:2:      layout_basic
D:3:      layout_rooms, worldfamousw_hep_ancestral_shrine, serial_shops,
          nicolae_shop_gibbet_a_chance, basic_ecumenical_altar,
          grunt_ministairs_14, minmay_box_of_dots
D:4:      layout_basic, overflow_temple_1_default, uniq_natasha
D:5:      layout_basic, mainiacjoe_overflow_24_doors, lemuel_temple_firewalk_a,
          uniq_ijyb, uniq_sigmund, uniq_menkaure
D:6:      layout_loops_ring, nicolae_uskayaw_en_pointe
Temple:   hellmonk_temple_beads

Skill      XL: |  1  2  3  4  5  6  7  8 |
---------------+-------------------------+-----
Long Blades    | 2 3 4 6 |  6.8
Armour         | 3 4 |  4.9
Dodging        | 1 2 |  2.9
Shields        | 3 4 |  4.0
Stealth        | 1 2 |  2.2
Fighting       | 4 |  4.5

Action                     |  1- 3 |  4- 6 |  7- 9 || total
---------------------------+-------+-------+-------++-------
  Melee: Long sword        |   168 |   141 |   221 ||   530
    Use: Scroll            |     4 |     5 |     3 ||    12
         Potion            |       |       |     7 ||     7
   Stab: Sleeping          |     2 |     2 |     2 ||     6
 Armour: Scale mail        |    58 |       |       ||    58
         Ring mail         |    92 |   109 |   179 ||   380
  Dodge: Dodged            |   108 |   116 |   149 ||   373
  Block: Buckler           |    41 |    41 |    68 ||   150
